 Dungeon Crawl Stone Soup version 0.30.1 (webtiles) character file.

Game seed: 11041525817521868687

2807 rj54x the Basher (level 9, 0/57 HPs)
             Began as a Gargoyle Fighter on July 11, 2023.
             Was an Initiate of Trog.
             Slain by a spriggan
             ... wielding a +0 trident
              (12 damage)
             ... in a bailey on July 12, 2023.
             The game lasted 00:26:48 (5747 turns).

rj54x the Basher (Gargoyle Fighter)                 Turns: 5747, Time: 00:26:49

Health: 0/57       AC: 16    Str: 25    XL:     9   Next: 72%
Magic:  9/9        EV: 11    Int:  8    God:    Trog [......]
Gold:   252        SH:  4    Dex:  9    Spells: 8/8 levels left

rFire   . . .        r - +2 whip (elec)
rCold   . . .        c - +0 buckler
rNeg    + . .        q - +4 robe of Divine Intervention {+Blink Will+}
rPois   ∞            (no helmet)
rElec   +            h - +1 cloak
rCorr   .            g - +0 pair of gloves
SInv    .            (no boots)
Will    +....        n - amulet of regeneration
Stlth   +            (no ring)
HPRegen 1.09/turn    (no ring)
MPRegen 0.11/turn

%: no passive effects
@: hasted, quick
A: sickness immunity, AC +6, negative energy resistance 1, electricity
resistance, torment resistance 1, petrification resistance
a: Renounce Religion, Evoke Blink


You were in a bailey.
You worshipped Trog.
Trog was noncommittal.
You visited 2 branches of the dungeon, and saw 8 of its levels.
You also visited: Bailey.

You collected 252 gold pieces.

Inventory:

Hand Weapons
 a - a +1 flail
 r - a +2 whip of electrocution (weapon)
Missiles
 l - 9 boomerangs (quivered)
 m - 2 throwing nets
Armour
 b - a +0 scale mail
 c - a +0 buckler (worn)
 g - a +0 pair of gloves (worn)
 h - a +1 cloak (worn)
 q - the +4 robe of Divine Intervention (worn) {+Blink Will+}
   (You found it on level 6 of the Dungeon)

   +Blink:    It lets you blink.
   Will:      It increases your willpower.
 y - a +0 plate armour
 E - a +0 chain mail
Jewellery
 n - an amulet of regeneration (around neck)
Wands
 p - a wand of flame (16)
Scrolls
 e - 5 scrolls of teleportation
 i - a scroll of identify
 v - a scroll of enchant weapon
 A - a scroll of magic mapping
Potions
 d - a potion of might
 f - a potion of lignification
 k - a potion of ambrosia {unknown}
 o - 2 potions of attraction {unknown}
 s - a potion of invisibility {unknown}
 t - a potion of heal wounds {unknown}
 u - a potion of flight {unknown}
 w - a potion of cancellation {unknown}
 x - a potion of degeneration {unknown}
 z - a potion of curing {unknown}


   Skills:
 + Level 7.2 Fighting
 - Level 10.3 Maces & Flails
 + Level 7.2 Armour
 - Level 3.2 Shields


You had 8 spell levels left.
You didn't know any spells.
Your spell library contained the following spells:

 Spells                   Type           Power      Damage    Failure   Level
 Foxfire                  Conj/Fire      0%         2x1d4     45%         1
 Freeze                   Ice            0%         1d3       45%         1
 Magic Dart               Conj           0%         1d3       45%         1
 Sting                    Tmut/Pois      0%         1d3       45%         1
 Call Imp                 Summ           0%         N/A       61%         2
 Poisonous Vapours        Pois/Air       0%         N/A       61%         2
 Frozen Ramparts          Ice            0%         1d1       83%         3
 Hailstorm                Conj/Ice       0%         3d3       83%         3
 Ignite Poison            Fire/Tmut/Pois 0%         N/A       83%         3
 Mephitic Cloud           Conj/Pois/Air  0%         N/A       83%         3
 Stone Arrow              Conj/Erth      0%         3d7       83%         3
 Anguish                  Hex/Necr       0%         N/A       99%         4
 Animate Armour           Summ/Erth      0%         N/A       99%         4
 Cause Fear               Hex            0%         N/A       99%         4
 Olgreb's Toxic Radiance  Pois           0%         N/A       99%         4
 Fireball                 Conj/Fire      0%         3d3       100%        5
 Freezing Cloud           Conj/Ice/Air   0%         6-21      100%        5
 Plasma Beam              Fire/Air       0%         2x1d11    100%        6
 Starburst                Conj/Fire      0%         6d3       100%        6
 Enfeeble                 Hex            0%         N/A       100%        7
 Lehudib's Crystal Spear  Conj/Erth      0%         10d2      100%        8
 Cigotuvi's Dreadful Rot  Necr/Pois/Air  Unusable   N/A       N/A         2

Dungeon Overview and Level Annotations

Branches:
Dungeon (7/15)             Temple (1/1) D:7          Bailey (1/1)

Altars:
Ashenzari
Cheibriados
Dithmenos
Elyvilon
Fedhas
Gozag
Hepliaklqana
Kikubaaqudgha
Makhleb
Ru
Sif Muna
Trog
Vehumet
Wu Jian
Yredelemnul
Zin
The Shining One

Shops:
D:3 [   D:4 *


Innate Abilities, Weirdness & Mutations

You are immune to sickness and miasma.
Your stone body is resilient. (AC +6)
You are immune to poison.
You resist negative energy. (rN+)
You are resistant to electric shocks. (rElec)
You are resistant to unholy torment.
You are immune to petrification.


Message History

You closely miss the spriggan.
The spriggan is lightly wounded.
The two-headed ogre hits you from afar with a +0 halberd!!
The two-headed ogre hits you from afar with a +0 glaive.
The spriggan misses you.
You closely miss the spriggan.
The spriggan is lightly wounded.
The spriggan hits you but does no damage.
You enter the shallow water.
Moving in this stuff is going to be slow.
The spriggan barely misses you. The spriggan barely misses you.
The two-headed ogre barely misses you.
The two-headed ogre hits you from afar with a +0 glaive.
The two-headed ogre completely misses you.
The two-headed ogre hits you but does no damage.
The spriggan barely misses you.
You feel yourself speed up.
The two-headed ogre hits you but does no damage.
The two-headed ogre hits you from afar with a +0 glaive!
* * * LOW HITPOINT WARNING * * *
The spriggan splashes around in the water.
You enter the shallow water.
Moving in this stuff is going to be slow.
The spriggan hits you with a +0 trident.
* * * LOW HITPOINT WARNING * * *
Your unstable footing causes you to fumble your attack.
The two-headed ogre misses you. The two-headed ogre closely misses you.
You whack the two-headed ogre!
The two-headed ogre is lightly wounded.
Your unstable footing causes you to fumble your attack.
The spriggan hits you with a +0 trident.
* * * LOW HITPOINT WARNING * * *
You hit the two-headed ogre.
The two-headed ogre is moderately wounded.
You hit the two-headed ogre.
The two-headed ogre is moderately wounded.
The two-headed ogre hits you but does no damage.
The two-headed ogre closely misses you.
The spriggan hits you with a +0 trident!
You die...

#######
###.....###
##.........##
##...........##
#....∩...∩....#
##...........##
##.........##
###~~~@~###
#~~~iO#
##~~~~~##
##.......##
#.........##
#..♣♣##♣#♣..##
#..# ♣♣.)## ..#
#♣).## .# ##).#


You could see a two-headed ogre and a spriggan.

Vanquished Creatures
  A spriggan (Bailey)
  A wyvern (D:7)
  Duvessa (D:4)
  An orc warrior (D:5)
  2 black bears
  4 ogres (Bailey)
  2 phantoms
  Blork the orc (D:5)
  A bullfrog (D:7)
  A gnoll sergeant (D:4)
  3 scorpions
  Dowan (D:4)
  2 electric eels (D:6)
  6 hounds
  4 jellies
  Crazy Yiuf (D:4)
  4 orc priests
  3 sleepcaps
  A gnoll bouda (D:3)
  3 iguanas
  8 orc wizards
  15 gnolls
  5 adders
  2 white imps
  A worm (D:2)
  5 dart slugs
  19 orcs
  8 ball pythons
  8 endoplasms
  2 giant cockroaches
  7 goblins
  11 hobgoblins
  4 jackals (D:1)
  3 quokkas
  6 bats
  2 frilled lizards
  5 kobolds
  5 rats
159 creatures vanquished.

Notes
Turn   | Place    | Note
-------+----------+-------------------------------------------
     0 | D:1      | rj54x the Gargoyle Fighter began the quest for the Orb.
     0 | D:1      | Reached XP level 1. HP: 14/14 MP: 1/1
   225 | D:1      | Reached XP level 2. HP: 16/19 MP: 2/2
   239 | D:1      | Reached skill level 3 in Maces & Flails
   429 | D:1      | Reached XP level 3. HP: 23/23 MP: 3/3
  1060 | D:2      | Reached skill level 4 in Maces & Flails
  1270 | D:2      | Reached XP level 4. HP: 28/28 MP: 4/4
  1521 | D:3      | Reached skill level 5 in Maces & Flails
  1521 | D:3      | Reached XP level 5. HP: 26/32 MP: 5/5
  1937 | D:3      | Reached skill level 6 in Maces & Flails
  1943 | D:3      | Reached XP level 6. HP: 33/37 MP: 6/6
  2161 | D:3      | Found Jomion's Armour Shop.
  2419 | D:4      | Noticed Duvessa
  2419 | D:4      | Noticed Dowan
  2539 | D:4      | Killed Duvessa
  2540 | D:4      | Reached skill level 7 in Maces & Flails
  2545 | D:4      | Reached XP level 7. HP: 31/41 MP: 7/7
  2581 | D:4      | Killed Dowan
  2619 | D:4      | Found Zin's Purification Station.
  2622 | D:4      | Found a glowing silver altar of Zin.
  2665 | D:4      | Reached skill level 8 in Maces & Flails
  2961 | D:4      | Found a runed translucent door.
  2962 | D:4      | Noticed Crazy Yiuf
  2967 | D:4      | Killed Crazy Yiuf
  3027 | D:5      | Entered Level 5 of the Dungeon
  3188 | D:4      | Reached skill level 9 in Maces & Flails
  3188 | D:4      | Reached XP level 8. HP: 28/46 MP: 8/8
  3610 | D:5      | Noticed Blork the orc
  3622 | D:5      | Killed Blork the orc
  3743 | D:5      | Found an ancient bone altar of Kikubaaqudgha.
  3760 | D:5      | Reached skill level 10 in Maces & Flails
  4522 | D:6      | Found a bloodstained altar of Trog.
  4663 | D:6      | Reached XP level 9. HP: 53/53 MP: 9/9
  4705 | D:6      | Reached skill level 5 in Fighting
  4705 | D:6      | Reached skill level 5 in Armour
  4709 | D:6      | Identified the +4 robe of Divine Intervention {+Blink
                  | Will+}
  4711 | D:6      | Found a white marble altar of Elyvilon.
  4979 | D:7      | Found a staircase to the Ecumenical Temple.
  4982 | Temple   | Entered the Ecumenical Temple
  5329 | D:6      | Became a worshipper of Trog the Wrathful
  5436 | D:7      | Found a flagged portal.
  5602 | Bailey   | Entered a bailey
  5715 | Bailey   | Noticed a two-headed ogre
  5747 | Bailey   | Slain by a spriggan

Illustrated notes

Levels and vault maps discovered:
D:1:      minmay_arrival_glassed_features, layout_basic, chequers_mini_garden,
          chequers_arboretum
D:2:      layout_rooms, minmay_tetromino_o2
D:3:      layout_loops_corners, serial_shops, nicolae_shop_back_alley_shop,
          nicolae_grassy_gnolls
D:4:      layout_cave_pools, zin_purify, uniq_crazy_yiuf_cottage, uniq_duvessa
D:5:      layout_loops_cross, kiku_gazebo_garden_becter, uniq_blork_the_orc
D:6:      layout_basic, mainiacjoe_overflow_cross_hatched, pf_just_have_faith,
          dreamdust_princess_corridor, serial_bayou_lagoon_a,
          minmay_misc_feat_cross
D:7:      layout_rooms, minmay_temple_entry_proselytizer, enter_bailey_8,
          minmay_manual_moon
Temple:   oiseaux_autumnal_temple
Bailey:   bailey_polearm_enchanted_keep_hellmonk, bailey

Skill      XL: |  1  2  3  4  5  6  7  8  9 |
---------------+----------------------------+-----
Maces & Flails | 3 4 5 6 7 9 10 | 10.3
Fighting       | 4 7 |  7.2
Armour         | 4 7 |  7.2
Shields        | |  3.2

Action                     |  1- 3 |  4- 6 |  7- 9 || total
---------------------------+-------+-------+-------++-------
  Melee: Flail             |   123 |   162 |   309 ||   594
         Whip              |       |       |    84 ||    84
  Throw: Boomerang         |       |     1 |       ||     1
  Evoke: Wand              |       |       |     1 ||     1
    Use: Scroll            |     5 |       |     8 ||    13
         Potion            |       |     1 |     1 ||     2
 Armour: Scale mail        |    68 |    77 |   122 ||   267
         Robe              |       |       |    48 ||    48
  Dodge: Dodged            |    64 |    50 |   151 ||   265
  Block: Buckler           |    18 |    34 |    60 ||   112
